 Dungeon Sprint DCSS version 0.29.1-15-g9cfb28693d (webtiles) character file.

Game seed: 15953741990630287674

2861 Nonny the Fencer (level 9, -2/100 HPs)
             Began as a Minotaur Berserker on Feb 26, 2023.
             Was an Elder of Trog.
             Slain by Sonja
             ... wielding a +1 dagger of distortion
              (18 damage)
             ... in the Dungeon (Sprint I: "Red Sonja").
             The game lasted 00:04:24 (752 turns).

Nonny the Fencer (Minotaur Berserker)                Turns: 752, Time: 00:04:25

Health: -2/100     AC: 30    Str: 26    XL:     9   Next: 47%
Magic:  8/8        EV:  9    Int:  4    God:    Trog [****..]
Gold:   298        SH:  0    Dex: 10    Spells: 8/8 levels left

rFire   . . .      SeeInvis .   a - +0 falchion
rCold   . . .      Faith    .   (no shield)
rNeg    . . .      Spirit   .   b - +18 Lear's hauberk
rPois   .          Reflect  .   (helmet currently unavailable)
rElec   .          Harm     .   (no cloak)
rCorr   .          Rampage  .   (gloves currently unavailable)
Will    ++...      NoTele   +   (boots currently unavailable)
Stlth   ..........              (no amulet)
HPRegen 1.26/turn               (no ring)
MPRegen 0.11/turn               (no ring)

@: strong-willed, regenerating
A: horns 2, retaliatory headbutt
a: Renounce Religion, Berserk, Trog's Hand, Brothers in Arms


You were in the Dungeon.
You worshipped Trog.
Trog was greatly pleased with you.
You visited 1 branch You collected 468 gold pieces.
You spent 170 gold pieces at shops.

Inventory:

Hand Weapons
 a - a +0 falchion (weapon)
Armour
 b - the +18 Lear's hauberk (worn)
   (You found it in the Dungeon)
Wands
 i - a wand of iceblast (10)
Scrolls
 h - a scroll of blinking
 k - a scroll of fog
 l - 2 scrolls of identify {unknown}
Potions
 c - a potion of curing
 e - 2 potions of haste
 f - 2 potions of magic
 g - a potion of berserk rage
 j - a potion of attraction {unknown}


   Skills:
 + Level 16.3 Fighting
 + Level 17.3 Long Blades
 + Level 11.6 Armour
 - Level 2.9 Dodging


You had 8 spell levels left.
You didn't know any spells.
Your spell library was empty.

Dungeon Overview and Level Annotations

Branches:
Dungeon (1/1)

Altars:
Cheibriados
Dithmenos
Elyvilon
Fedhas
Gozag
Hepliaklqana
Kikubaaqudgha
Makhleb
Nemelex Xobeh
Okawaru
Qazlal
Ru
Sif Muna
Trog
Uskayaw
Vehumet
Wu Jian
Xom
Yredelemnul
Zin
The Shining One
Jiyva
Lugonu

Shops:
D ?

Annotations:
D Sonja


Innate Abilities, Weirdness & Mutations

You have a pair of horns on your head.
You reflexively headbutt those who attack you in melee.


Message History

You hit the demonic crawler.
The demonic crawler is severely wounded.
The floating eye's stare focuses on you.
Unknown command.
You hit the demonic crawler but do no damage.
You headbutt the demonic crawler.
The demonic crawler is almost dead.
The demonic crawler barely misses you.
The demonic crawler hits you but does no damage.
The demonic crawler barely misses you.
The floating eye gazes piercingly through you!
You suddenly lose the ability to move!
A ballistomycete spore comes into view.
The demonic crawler hits you.
* * * LOW HITPOINT WARNING * * *
The demonic crawler hits you but does no damage. x2
The demonic crawler hits you.
* * * LOW HITPOINT WARNING * * *
The demonic crawler hits you but does no damage. x2
The floating eye's view fixates on you.
The ballistomycete spore waves its rhizomes.
The demonic crawler hits you but does no damage. x2
The demonic crawler hits you!
* * * LOW HITPOINT WARNING * * *
The floating eye gazes piercingly through you!
You shrug off the repeated paralysis!
You can move again.
Unknown command.
You hit the demonic crawler. You headbutt the demonic crawler.
You kill the demonic crawler!
Trog accepts your kill.
The centaur warrior wields a +0 shortbow.
The centaur warrior shoots an arrow.
The arrow hits you.
* * * LOW HITPOINT WARNING * * *
Unknown command.
Sonja gestures wildly while chanting.
Sonja blinks!
The centaur warrior shoots an arrow.
The arrow hits you but does no damage. Sonja hits you but does no damage. x3
Space warps horribly around you!!
You die...

##########################
#<.#..)..#..'.K#__#..'9..#
#..)[.#.)').#@.'..'..#)§.##+#
#..#####'#####'#__####...'s.#
#..####..#...#†####??#####..+
#..#__####..##c#§§§§§# ##
#..#_____##'#G*§§§§§§+
#⌠⌠#_.∩...s.[.*#§~~§c#
####_..__##_.#+##'####
#_____###'# §.( ####### #.
T###


You could see a centaur warrior, Sonja (strong) and 2 ballistomycete spores.

Vanquished Creatures
  A centaur warrior (D)
  A deep troll (D)
  2 kobold demonologists (D)
  2 demonic crawlers (D)
  A slime creature (D)
  Sigmund (D)
  A yak (D)
  A floating eye (D)
  An ogre (D)
  A jelly (D)
  Ijyb (D)
13 creatures vanquished.

Notes
Turn   | Place    | Note
-------+----------+-------------------------------------------
     0 | D        | Nonny the Minotaur Berserker began the quest for the Orb.
     0 | D        | Reached XP level 1. HP: 19/19 MP: 0/0
     1 | D        | Noticed Ijyb
    13 | D        | Killed Ijyb
    14 | D        | Reached skill level 5 in Fighting
    14 | D        | Reached skill level 5 in Long Blades
    14 | D        | Reached XP level 2. HP: 18/29 MP: 1/1
   189 | D        | Noticed an ogre
   193 | D        | Killed an ogre
   194 | D        | Reached skill level 8 in Long Blades
   194 | D        | Reached XP level 3. HP: 40/40 MP: 2/2
   194 | D        | Reached XP level 4. HP: 48/48 MP: 3/3
   227 | D        | Noticed Sigmund
   231 | D        | Killed Sigmund
   231 | D        | Reached ** piety under Trog
   232 | D        | Reached skill level 10 in Fighting
   232 | D        | Reached skill level 10 in Long Blades
   232 | D        | Reached XP level 5. HP: 58/58 MP: 4/4
   232 | D        | Reached XP level 6. HP: 66/66 MP: 5/5
   280 | D        | Found a burning altar of Makhleb.
   280 | D        | Found a viscous altar of Jiyva.
   280 | D        | Found a shimmering altar of Xom.
   280 | D        | Found a corrupted altar of Lugonu.
   280 | D        | Noticed a slime creature
   287 | D        | Killed a slime creature
   288 | D        | Reached skill level 12 in Long Blades
   308 | D        | Found an ornate altar of the Wu Jian Council.
   308 | D        | Found a shimmering blue altar of Sif Muna.
   308 | D        | Found the +18 Lear's hauberk
   310 | D        | Found a radiant altar of Vehumet.
   370 | D        | Found Vaeff's Magic Scroll Emporium.
   370 | D        | Found an ancient bone altar of Kikubaaqudgha.
   370 | D        | Found a hazy altar of Hepliaklqana.
   370 | D        | Found a hide-covered altar of Uskayaw.
   370 | D        | Found a basalt altar of Yredelemnul.
   370 | D        | Found an opulent altar of Gozag.
   370 | D        | Found a snail-covered altar of Cheibriados.
   370 | D        | Found a sacrificial altar of Ru.
   370 | D        | Found a shadowy altar of Dithmenos.
   370 | D        | Noticed a yak
   379 | D        | Killed a yak
   380 | D        | Reached skill level 13 in Long Blades
   380 | D        | Reached XP level 7. HP: 72/77 MP: 6/6
   380 | D        | Found a stormy altar of Qazlal.
   380 | D        | Found a blossoming altar of Fedhas.
   380 | D        | Found a bloodstained altar of Trog.
   380 | D        | Found an iron altar of Okawaru.
   380 | D        | Found a glowing golden altar of the Shining One.
   380 | D        | Found a glowing silver altar of Zin.
   380 | D        | Found a white marble altar of Elyvilon.
   381 | D        | Found a sparkling altar of Nemelex Xobeh.
   385 | D        | Bought a scroll of fog for 44 gold pieces
   385 | D        | Bought a scroll of fear for 44 gold pieces
   385 | D        | Bought a scroll of blinking for 82 gold pieces
   401 | D        | Noticed a kobold demonologist
   401 | D        | Noticed a kobold demonologist
   402 | D        | Reached *** piety under Trog
   412 | D        | Killed a kobold demonologist
   413 | D        | Reached skill level 14 in Long Blades
   423 | D        | Killed a kobold demonologist
   423 | D        | Reached **** piety under Trog
   424 | D        | Reached skill level 15 in Long Blades
   424 | D        | Reached XP level 8. HP: 84/88 MP: 7/7
   428 | D        | Noticed a demonic crawler
   428 | D        | Noticed a demonic crawler
   428 | D        | Noticed a demonic crawler
   428 | D        | Noticed a demonic crawler
   438 | D        | Killed a demonic crawler
   449 | D        | Noticed a gargoyle
   468 | D        | Noticed a centaur warrior
   475 | D        | Killed a centaur warrior
   476 | D        | Reached skill level 15 in Fighting
   476 | D        | Reached skill level 16 in Long Blades
   476 | D        | Reached skill level 10 in Armour
   476 | D        | Reached XP level 9. HP: 40/97 MP: 8/8
   707 | D        | Noticed a centaur warrior
   709 | D        | Noticed a deep troll
   715 | D        | Noticed Sonja
   734 | D        | Killed a deep troll
   735 | D        | Reached skill level 17 in Long Blades
   748 | D        | Paralysed by a floating eye for 2 turns
   751 | D        | Killed a demonic crawler
   752 | D        | Slain by Sonja

Illustrated notes

Levels and vault maps discovered:
D:        dungeon_sprint_1 [red_sonja_temple_1, red_sonja_temple_small_1]

Skill      XL: |  1  2  3  4  5  6  7  8  9 |
---------------+----------------------------+-----
Fighting       | 5 7 10 12 13 15 16 | 16.3
Long Blades    | 5 8 10 13 15 16 17 | 17.3
Armour         | 3 4 6 7 8 10 11 | 11.6
Dodging        | |  2.9

Action                   |  1- 3 |  4- 6 |  7- 9 || total
-------------------------+-------+-------+-------++-------
Melee: Falchion          |    14 |    19 |    77 ||   110
       Headbutt          |     2 |     7 |    18 ||    27
       Punch             |       |       |     2 ||     2
Invok: Berserk           |     2 |     2 |     1 ||     5
       Trog's Hand       |       |       |     1 ||     1
Evoke: Wand              |       |       |     1 ||     1
  Use: Scroll            |       |       |     2 ||     2
       Potion            |       |       |     1 ||     1
Armor: Animal skin       |     1 |       |       ||     1
       Chain mail        |       |     4 |    87 ||    91
       Ring mail         |       |     1 |       ||     1
Dodge: Dodged            |     2 |     5 |    44 ||    51
